 Dungeon Crawl Stone Soup version 0.29.0-4-gdea44cf6ec (webtiles) character file.

Game seed: 2788237058598556421

69 qw the Ruffian (level 4, -1/35 HPs)
             Began as a Ghoul Enchanter on Sept 4, 2022.
             Killed from afar by an orc wizard (8 damage)
             ... with a puff of flame
             ... on level 3 of the Dungeon.
             The game lasted 00:00:54 (3735 turns).

qw the Ruffian (Ghoul Enchanter)                    Turns: 3735, Time: 00:00:55

Health: -1/35      AC:  5    Str: 13    XL:     4   Next: 20%
Magic:  5/5        EV: 10    Int: 10    God:
Gold:   76         SH:  0    Dex:  9    Spells: 6/6 levels left

rFire   . . .      SeeInvis .     - Unarmed
rCold   + . .      Faith    .   (no shield)
rNeg    + + +      Spirit   .   k - +0 ring mail
rPois   inf        Reflect  .   (no helmet)
rElec   .          Harm     .   (no cloak)
rCorr   .          Rampage  .   (no gloves)
Will    .....                   (no boots)
Stlth   ..........              (no amulet)
HPRegen 0.00/turn               (no ring)
MPRegen 0.09/turn               (no ring)

@: confused, inhibited regen
A: claws 1, cold resistance 1, negative energy resistance 3, inhibited
regeneration, torment resistance 2, devour on kill
a: no special abilities


You were on level 3 of the Dungeon.
You visited 1 branch of the dungeon, and saw 3 of its levels.

You collected 139 gold pieces.
You spent 63 gold pieces at shops.


Innate Abilities, Weirdness & Mutations

You are immune to poison.
You have sharp fingernails.
Your flesh is cold resistant. (rC+)
You are immune to negative energy. (rN+++)
You do not regenerate when monsters are visible.
You are immune to unholy pain and torment.
You thrive by killing the living.


   Skills:
 - Level 1.0 Fighting
 - Level 0.8 Short Blades
 - Level 1.7 Dodging
 - Level 3.2 Stealth
 + Level 3.8 Unarmed Combat
 - Level 1.7 Spellcasting
 - Level 2.4 Hexes


You had 6 spell levels left.
You didn't know any spells.
Your spell library contained the following spells:

 Spells                   Type           Power      Damage    Failure   Level
 Ensorcelled Hibernation  Hex/Ice        6%         N/A       54%         2
 Confusing Touch          Hex            5%         N/A       61%         3
 Tukima's Dance           Hex            5%         N/A       61%         3
 Dazzling Flash           Conj/Hex       6%         N/A       78%         3

Inventory:

Armour
 k - a +0 ring mail (worn)
Jewellery
 h - a ring of ice
Scrolls
 i - a scroll of identify
Potions
 a - a potion of heal wounds {unknown}
 b - a potion of attraction {unknown}
 d - a potion of curing {unknown}
 e - a potion of magic {unknown}
 f - a potion of cancellation {unknown}
 g - a potion of lignification {unknown}

Dungeon Overview and Level Annotations

Branches:
Dungeon (3/15)

Altars:

Shops:
D:2 *


Message History

The magic dart hits you.
You scratch something. Something hits you.
You closely miss something. Something hits you but does no damage.
You closely miss something.
You hear some strange, mumbled words.
You are confused.
You're too confused to attack without stumbling around!
There is a strange disturbance nearby!
Something hits you but does no damage.
You're too confused to attack without stumbling around!
There is a strange disturbance nearby!
Something hits you but does no damage.
You're too confused to attack without stumbling around!
There is a strange disturbance nearby!
Something hits you but does no damage.
You're too confused to attack without stumbling around!
There is a strange disturbance nearby!
Something hits you.
You're too confused to attack without stumbling around!
There is a strange disturbance nearby!
You feel less confused. Something hits you but does no damage.
You closely miss something.
You hear some strange, mumbled words.
You are confused.
You're too confused to attack without stumbling around!
There is a strange disturbance nearby!
An orc wizard appears from thin air!
Reactivating autopickup.
The orc wizard points at you and mumbles some strange words.
The puff of flame hits you!
You barely miss the orc wizard.
The orc wizard is heavily wounded.
The orc wizard hits you but does no damage.
Found a scroll labelled ZIATEO UTUTROY.
The orc wizard points at you and mumbles some strange words.
The puff of flame hits you!
You die...

#...#.# #.#.#.#
#.#.#.# # #.#.#.#
..# #.#...#
#...#######'#####
..#.....##..#
......).o..###
.......@)).).#
.......#####.....
....... .o....
....[.. ##.B.
....... .B
....... . .......
......?


You could see an orc wizard.

Vanquished Creatures
  An orc wizard (D:3)
  2 dart slugs (D:1)
  6 orcs (D:3)
  4 endoplasms
  A giant cockroach (D:3)
  A goblin (D:1)
  5 hobgoblins
  2 kobolds
  A quokka (D:2)
  3 ball pythons (D:1)
  A bat (D:1)
  A frilled lizard (D:1)
  4 rats
32 creatures vanquished.

Notes
Turn   | Place    | Note
-------+----------+-------------------------------------------
     0 | D:1      | qw the Ghoul Enchanter began the quest for the Orb.
     0 | D:1      | Reached XP level 1. HP: 14/14 MP: 2/2
     0 | D:1      | 0 ||| qw: Version: 0.1-a-103-gd6f5d3a
     0 | D:1      | 0 ||| qw: Game counter: 5714
     0 | D:1      | 0 ||| qw: Always use a shield: true
     0 | D:1      | 0 ||| qw: God list: Okawaru
     0 | D:1      | 0 ||| qw: Allow faded altars: false
     0 | D:1      | 0 ||| qw: Do Orc after D:15 true
     0 | D:1      | 0 ||| qw: Do second Lair branch before Depths: true
     0 | D:1      | 0 ||| qw: Lair rune preference: random
     0 | D:1      | 0 ||| qw: Plans: Normal
     0 | D:1      | 0 ||| PLANNING D:1-11
     1 | D:1      | 1 ||| DROPPING +1 dagger.
   396 | D:1      | Reached skill level 1 in Unarmed Combat
   653 | D:1      | Reached skill level 1 in Fighting
   653 | D:1      | Reached XP level 2. HP: 18/23 MP: 3/3
   791 | D:1      | Found a faded altar of an unknown god.
   792 | D:1      | 792 ||| Stepping ~*~*~tactically~*~*~ (hiding).
   894 | D:1      | 894 ||| Stepping ~*~*~tactically~*~*~ (hiding).
   996 | D:1      | 996 ||| Stepping ~*~*~tactically~*~*~ (hiding).
  1098 | D:1      | 1098 ||| Stepping ~*~*~tactically~*~*~ (hiding).
  1200 | D:1      | 1200 ||| Stepping ~*~*~tactically~*~*~ (hiding).
  1302 | D:1      | 1302 ||| Stepping ~*~*~tactically~*~*~ (hiding).
  1404 | D:1      | 1404 ||| Stepping ~*~*~tactically~*~*~ (hiding).
  1506 | D:1      | 1506 ||| Stepping ~*~*~tactically~*~*~ (hiding).
  1608 | D:1      | 1608 ||| Stepping ~*~*~tactically~*~*~ (hiding).
  1873 | D:1      | 1873 ||| Stepping ~*~*~tactically~*~*~ (hiding).
  1975 | D:1      | 1975 ||| Stepping ~*~*~tactically~*~*~ (hiding).
  2077 | D:1      | 2077 ||| Stepping ~*~*~tactically~*~*~ (hiding).
  2179 | D:1      | 2179 ||| Stepping ~*~*~tactically~*~*~ (hiding).
  2313 | D:1      | 2313 ||| READING scroll labelled TUIWIC WESYTO.
  2314 | D:1      | 2314 ||| READING scroll labelled DUJ HOUKIUCS.
  2315 | D:1      | 2315 ||| DROPPING 2 potions of invisibility.
  2862 | D:2      | Reached XP level 3. HP: 28/28 MP: 4/4
  2986 | D:2      | Found Piroy's Assorted Antiques.
  2994 | D:2      | 2994 ||| BUYING coppery potion (20 gold).
  2994 | D:2      | Bought a coppery potion for 20 gold pieces
  2994 | D:2      | 2994 ||| BUYING murky red potion (20 gold).
  2994 | D:2      | Bought a murky red potion for 20 gold pieces
  2994 | D:2      | 2994 ||| BUYING scroll labelled SUVVOECUUNT (23 gold).
  2994 | D:2      | Bought a scroll labelled SUVVOECUUNT for 23 gold pieces
  3349 | D:2      | 3349 ||| UPGRADING to +0 ring mail.
  3359 | D:2      | 3359 ||| DROPPING +0 robe.
  3360 | D:2      | 3360 ||| READING 2 scrolls labelled IPAEPL WO ANA.
  3361 | D:2      | 3361 ||| READING scroll labelled SUVVOECUUNT.
  3462 | D:2      | 3462 ||| READING scroll labelled ANESMO ULOS.
  3501 | D:3      | Reached skill level 3 in Unarmed Combat
  3501 | D:3      | 3501 ||| Stepping ~*~*~tactically~*~*~ (outnumbered).
  3502 | D:3      | 3502 ||| Stepping ~*~*~tactically~*~*~ (outnumbered).
  3509 | D:3      | Reached XP level 4. HP: 27/35 MP: 5/5
  3712 | D:3      | 3712 ||| Stepping ~*~*~tactically~*~*~ (stealth).
  3714 | D:3      | 3714 ||| Stepping ~*~*~tactically~*~*~ (stealth).
  3719 | D:3      | 3719 ||| Stepping ~*~*~tactically~*~*~ (outnumbered).
  3733 | D:3      | HP: 7/35 [orc wizard/puff of flame (9)]
  3735 | D:3      | Killed from afar by an orc wizard

Levels and vault maps discovered:
D:1:      dpeg_arrival_central, layout_loops_ring,
          shapermc_ecumenical_altar_starsandcircs
D:2:      layout_loops_cross, serial_shops, shop, lightli_corner_chamber
D:3:      layout_rooms, lemuel_tele_altar, roderic_serpentine_path

Skill      XL: |  1  2  3 |
---------------+----------+-----
Unarmed Combat | 1 2 3 |  3.8
Fighting       | 1 |  1.0
Short Blades   | |  0.8
Dodging        | |  1.7
Stealth        | |  3.2
Spellcasting   | |  1.7
Hexes          | |  2.4

Action                   |  1- 3 |  4- 6 || total
-------------------------+-------+-------++-------
Melee: Unarmed           |   108 |    21 ||   129
       Punch             |     2 |     1 ||     3
  Use: Scroll            |     5 |       ||     5
Armor: Robe              |    11 |       ||    11
       Ring mail         |     6 |    12 ||    18
Dodge: Dodged            |    48 |     3 ||    51

Table legend:
 A = Non-vault XP
 B = Vault XP
 C = Vault XP percentage of total XP
 D = Non-vault monster count
 E = Vault monster count
 F = Vault count percentage of total count
                 A         B        C        D         E       F
            +---------+---------+-------+---------+---------+-------
      Total |      99 |       0 |   0.0 |      32 |       0 |   0.0
            +---------+---------+-------+---------+---------+-------
        D:1 |      27 |       0 |   0.0 |      15 |       0 |   0.0
        D:2 |      15 |       0 |   0.0 |       8 |       0 |   0.0
        D:3 |      57 |       0 |   0.0 |       9 |       0 |   0.0
            +---------+---------+-------+---------+---------+-------
